[Event "Titled Tuesday Blitz October 31 Early 2023"]
[White "Rosenberg, Evan S"]
[Black "Kuchava, Ana"]
[WhiteFideId "2019299"]
[BlackFideId "13605348"]
[WhiteElo "2475"]
[BlackElo "2251"]
[Result "1/2-1/2"]
[Round "7"]
[TimeControl "180+1"]
[Date "2023.10.31"]
[WhiteClock "0:00:06"]
[BlackClock "0:00:16"]
[Board "108"]

1. d4 d5 2. Nf3 Nf6 3. g3 c6 4. Bg2 Bf5 5. O-O e6 6. c4 h6 7. Qb3 Qb6 8. c5 Qxb3 9. axb3 Nbd7 10. b4 a6 11. Nbd2 g5 12. Nb3 Rb8 13. Na5 Bg7 14. h4 Ne4 15. hxg5 hxg5 16. Rd1 Bf6 17. Be3 Ke7 18. Nd2 Nxd2 19. Rxd2 e5 20. Rf1 Rh7 21. f3 Kd8 22. g4 Bg6 23. Bf2 Kc7 24. Bg3 Rbh8 25. Kf2 Kc8 26. e3 Re8 27. Nb3 Rhh8 28. Nc1 exd4 29. exd4 Nf8 30. Re1 Ne6 31. Nb3 Nc7 32. Bxc7 Kxc7 33. Rxe8 Rxe8 34. Re2 Rxe2+ 35. Kxe2 Bc2 36. Na1 Bg6 37. Ke3 Kd7 38. Nb3 Kc7 1/2-1/2


[Site "https://www.chess.com"]

[Event "Titled Tuesday Blitz October 31 Early 2023"]
[White "Topalov, Aleksandar"]
[Black "DonCiao"]
[WhiteFideId "925659"]
[WhiteElo "2256"]
[BlackElo "2152"]
[Result "1-0"]
[Round "7"]
[TimeControl "180+1"]
[Date "2023.10.31"]
[WhiteClock "0:00:55"]
[BlackClock "0:00:02"]
[Board "109"]

1. b3 e5 2. Bb2 Nc6 3. e3 Nf6 4. Bb5 Bd6 5. Na3 Na5 6. Be2 c6 7. c4 b6 8. Nc2 Nb7 9. d4 exd4 10. exd4 O-O 11. Nf3 Re8 12. O-O Bf4 13. g3 Bh6 14. Ne5 Qc7 15. f4 d6 16. Nd3 Bf5 17. Bf3 Bxd3 18. Qxd3 d5 19. Ne3 Ne4 20. cxd5 Nbd6 21. Rac1 Qe7 22. dxc6 Nxg3 23. hxg3 Qxe3+ 24. Qxe3 Rxe3 25. Ba3 Nb5 26. Bb2 Nc7 27. d5 Rd8 28. Be5 Rxe5 29. fxe5 Bxc1 30. Rxc1 f6 31. d6 Nb5 32. c7 Rc8 33. Bb7 1-0


[Site "https://www.chess.com"]

[Event "Titled Tuesday Blitz October 31 Early 2023"]
[White "Witty_Alien"]
[Black "Ehlvest, Jaan"]
[BlackFideId "4500016"]
[WhiteElo "2246"]
[BlackElo "2652"]
[Result "1-0"]
[Round "7"]
[TimeControl "180+1"]
[Date "2023.10.31"]
[WhiteClock "0:00:01"]
[BlackClock "0:00:00"]
[Board "110"]

1. e4 g6 2. h4 d5 3. exd5 Nf6 4. Nc3 c6 5. h5 Nxh5 6. Rxh5 gxh5 7. Qxh5 Nd7 8. dxc6 Nf6 9. cxb7 Bxb7 10. Bb5+ Nd7 11. Nf3 Bxf3 12. Qxf3 Rb8 13. d4 Rxb5 14. Nxb5 Bg7 15. Qg3 Qa5+ 16. Bd2 Qxb5 17. Qxg7 Rf8 18. O-O-O Nf6 19. Re1 Qf5 20. Bg5 Qxf2 21. Re5 Qf1+ 22. Kd2 Qxg2+ 23. Kc3 Qf3+ 24. Kb4 Ng8 25. Rc5 Qb7+ 26. Rb5 a5+ 27. Ka4 Qc6 28. c4 f6 29. d5 Qxc4+ 30. Kxa5 Qc7+ 31. Ka6 fxg5 32. Rb7 Qc8 33. Ka7 Qc5+ 34. Ka8 Qa5+ 35. Kb8 Nf6 36. d6 1-0


[Site "https://www.chess.com"]

[Event "Titled Tuesday Blitz October 31 Early 2023"]
[White "Ezat, Mohamed"]
[Black "Barbot, Pierre"]
[WhiteFideId "10600906"]
[BlackFideId "663727"]
[WhiteElo "2568"]
[BlackElo "2346"]
[Result "1-0"]
[Round "7"]
[TimeControl "180+1"]
[Date "2023.10.31"]
[WhiteClock "0:00:22"]
[BlackClock "0:00:00"]
[Board "111"]

1. d4 Nf6 2. Nc3 d5 3. Bg5 Bf5 4. e3 Nbd7 5. Bd3 Bxd3 6. cxd3 h6 7. Bh4 g5 8. Bg3 c5 9. Nf3 Bg7 10. h4 g4 11. Ne5 cxd4 12. exd4 h5 13. O-O O-O 14. Re1 e6 15. Nxd7 Nxd7 16. Nb5 Qb6 17. Qa4 a6 18. Nc7 Rad8 19. Rac1 Qxd4 20. Qb3 Nc5 21. Qa3 b6 22. b4 Qxd3 23. Re3 Qxa3 24. Rxa3 Bb2 25. bxc5 Bxa3 26. Rd1 Bxc5 27. Nxa6 Ra8 28. Nc7 Rxa2 29. Nb5 Rfa8 30. Kh2 Rb2 31. Nc3 Rc2 32. Nb5 Raa2 33. Nd4 Bxd4 34. Rxd4 Rxf2 35. Bxf2 Rxf2 36. Kg3 1-0


[Site "https://www.chess.com"]

[Event "Titled Tuesday Blitz October 31 Early 2023"]
[White "LeoLV10"]
[Black "Szente Varga, Fruzsina"]
[BlackFideId "712264"]
[WhiteElo "2541"]
[BlackElo "2321"]
[Result "1-0"]
[Round "7"]
[TimeControl "180+1"]
[Date "2023.10.31"]
[WhiteClock "0:01:16"]
[BlackClock "0:00:04"]
[Board "112"]

1. e4 e5 2. Nf3 Nc6 3. Bb5 a6 4. Ba4 Nf6 5. O-O Be7 6. c3 Nxe4 7. d4 exd4 8. cxd4 d5 9. Nc3 Nxc3 10. bxc3 O-O 11. Bf4 Bg4 12. h3 Bh5 13. Qd3 b5 14. Bb3 Na5 15. Ne5 Nc4 16. Rae1 Nxe5 17. Rxe5 Bg6 18. Qe3 Bd6 19. Rxd5 Re8 20. Qg3 Bxf4 21. Qxf4 Qc8 22. Rc5 Re7 23. h4 h5 24. Qg5 Kf8 25. f4 Qg4 26. f5 Qxg5 27. hxg5 Bh7 28. g6 Bg8 29. f6 gxf6 30. Rxf6 Kg7 31. Rfc6 Ra7 32. gxf7 Bxf7 33. Rg5+ Kh7 34. Bc2+ Kh8 35. Rh6# 1-0


[Site "https://www.chess.com"]

[Event "Titled Tuesday Blitz October 31 Early 2023"]
[White "Bazilius, Augustinas"]
[Black "Petrova, Irina"]
[WhiteFideId "12832251"]
[BlackFideId "14124122"]
[WhiteElo "2509"]
[BlackElo "2316"]
[Result "1-0"]
[Round "7"]
[TimeControl "180+1"]
[Date "2023.10.31"]
[WhiteClock "0:00:13"]
[BlackClock "0:00:34"]
[Board "113"]

1. d4 d6 2. c4 e5 3. Nf3 e4 4. Ng5 f5 5. g3 Be7 6. Nh3 Nf6 7. Bg2 O-O 8. Nf4 c6 9. h4 Na6 10. Nc3 Nc7 11. O-O Bd7 12. d5 c5 13. a4 Ng4 14. Nh3 Ne5 15. b3 Bf6 16. Qc2 a6 17. Bb2 b5 18. axb5 axb5 19. Rxa8 Qxa8 20. Ra1 Qb7 21. cxb5 Nxb5 22. Nxb5 Bxb5 23. Nf4 Ra8 24. Nh5 Rxa1+ 25. Bxa1 Qxd5 26. Bh3 Nf3+ 27. exf3 Bxa1 28. Nf4 Qa8 29. Bxf5 Be5 30. fxe4 Qa1+ 31. Kh2 Bxf4 32. gxf4 Qf6 33. Kg3 Qd4 34. Qa2 Qd3+ 35. Kh2 g6 36. Be6+ Kg7 37. Qa7+ Kh6 38. Bg8 Kh5 39. Qxh7+ Kg4 40. Qxg6+ Kxf4 41. Qf5# 1-0


[Site "https://www.chess.com"]

[Event "Titled Tuesday Blitz October 31 Early 2023"]
[White "Czerw, Dawid"]
[Black "Matthes, Aaron"]
[WhiteFideId "1145746"]
[BlackFideId "16227310"]
[WhiteElo "2505"]
[BlackElo "2306"]
[Result "0-1"]
[Round "7"]
[TimeControl "180+1"]
[Date "2023.10.31"]
[WhiteClock "0:00:00"]
[BlackClock "0:00:14"]
[Board "114"]

1. e4 c6 2. Nc3 d5 3. Qf3 dxe4 4. Nxe4 Nf6 5. Bc4 Nbd7 6. d4 e6 7. Ne2 Be7 8. Bd2 O-O 9. O-O-O a5 10. Kb1 b5 11. Bd3 Bb7 12. Nxf6+ Nxf6 13. g4 Nd5 14. h4 c5 15. Be4 cxd4 16. Nxd4 Qb6 17. Nf5 exf5 18. Bxd5 fxg4 19. Qg2 Bxd5 20. Qxd5 Rad8 21. Qf5 Qg6 22. Qxb5 Rb8 23. Qe2 Rfc8 24. Bc1 a4 25. h5 Qf6 26. Rd7 Ba3 27. c3 Bxb2 28. Bxb2 a3 29. Rd2 Qxc3 30. h6 gxh6 31. Qxg4+ Kf8 32. Qe2 Re8 33. Qd1 Rxb2+ 0-1


[Site "https://www.chess.com"]

[Event "Titled Tuesday Blitz October 31 Early 2023"]
[White "gpsji27"]
[Black "vishwa_vijeta"]
[WhiteElo "2297"]
[BlackElo "2499"]
[Result "1-0"]
[Round "7"]
[TimeControl "180+1"]
[Date "2023.10.31"]
[WhiteClock "0:01:14"]
[BlackClock "0:00:41"]
[Board "115"]

1. d4 Nf6 2. c4 g6 3. Nc3 d5 4. Nf3 Bg7 5. Bg5 Ne4 6. Bf4 Nxc3 7. bxc3 c5 8. e3 O-O 9. Be2 Nc6 10. O-O Re8 11. Rb1 dxc4 12. Bxc4 cxd4 13. cxd4 Bg4 14. h3 Bxf3 15. Qxf3 Na5 16. Bxf7+ Kh8 17. Bxe8 Qxe8 18. Be5 Bxe5 19. dxe5 b6 20. Rfd1 Rc8 21. e6 Kg7 22. Rd7 Rc6 23. Qe4 Rc5 24. Rbd1 Nc6 25. Qb1 Qf8 26. Qb2+ Ne5 27. f4 1-0


[Site "https://www.chess.com"]

[Event "Titled Tuesday Blitz October 31 Early 2023"]
[White "Nekoo04"]
[Black "Aash20"]
[WhiteElo "2280"]
[BlackElo "2485"]
[Result "1-0"]
[Round "7"]
[TimeControl "180+1"]
[Date "2023.10.31"]
[WhiteClock "0:00:54"]
[BlackClock "0:01:11"]
[Board "116"]

1. d4 d5 2. c4 c6 3. Nf3 Nf6 4. g3 g6 5. Bg2 Bg7 6. O-O O-O 7. b3 Ne4 8. Bb2 Bg4 9. Nc3 Bxf3 10. Bxf3 Nxc3 11. Bxc3 e6 12. e4 dxe4 13. Bxe4 Nd7 14. Qd2 Nf6 15. Bg2 Qb6 16. Rad1 Qc7 17. d5 exd5 18. cxd5 Nxd5 19. Bxg7 Kxg7 20. Bxd5 cxd5 21. Qxd5 Rad8 22. Qf3 Rxd1 23. Rxd1 Rd8 24. Rxd8 Qxd8 25. Qxb7 a5 26. a4 h5 27. Kg2 h4 28. Qe4 hxg3 29. hxg3 Qb6 30. Qe5+ f6 31. Qb5 Qc7 32. b4 axb4 33. a5 Qc3 34. a6 b3 35. a7 b2 36. Qb7+ Kh6 37. a8=Q Qc2 38. Qh8+ Kg5 39. Qh4+ Kf5 40. Qd7+ Ke5 41. Qhd4# 1-0


[Site "https://www.chess.com"]

[Event "Titled Tuesday Blitz October 31 Early 2023"]
[White "Zivic, Dragan"]
[Black "Camilla_Lee"]
[WhiteFideId "904740"]
[WhiteElo "2268"]
[BlackElo "2483"]
[Result "0-1"]
[Round "7"]
[TimeControl "180+1"]
[Date "2023.10.31"]
[WhiteClock "0:01:00"]
[BlackClock "0:00:50"]
[Board "117"]

1. c4 e6 2. Nc3 d5 3. cxd5 exd5 4. d4 Nf6 5. Bg5 Bb4 6. Qa4+ Nc6 7. e3 Bd7 8. Bb5 O-O 9. Bxc6 Bxc3+ 10. bxc3 Bxc6 11. Qc2 h6 12. Bxf6 Qxf6 13. Ne2 Bb5 14. O-O Bc4 15. Rfe1 b5 16. Ng3 a5 17. a4 b4 18. cxb4 axb4 19. e4 Qc6 20. exd5 Bxd5 21. Qxc6 Bxc6 22. a5 Rfb8 23. Rec1 Ra6 24. Rab1 Bd5 25. Rc5 c6 26. f3 b3 27. Rb2 Rb4 28. Nf5 Be6 29. Ne7+ Kf8 30. Nxc6 Rc4 31. Rxb3 Rxc6 32. Rb8+ Ke7 0-1


[Site "https://www.chess.com"]

[Event "Titled Tuesday Blitz October 31 Early 2023"]
[White "Ng, Gary"]
[Black "Pinto, Daniel"]
[WhiteFideId "2604914"]
[BlackFideId "3303144"]
[WhiteElo "2270"]
[BlackElo "2446"]
[Result "0-1"]
[Round "7"]
[TimeControl "180+1"]
[Date "2023.10.31"]
[WhiteClock "0:01:38"]
[BlackClock "0:00:06"]
[Board "118"]

1. d4 Nf6 2. Bf4 c5 3. d5 d6 4. Nc3 g6 5. e4 Bg7 6. Qd2 h6 7. O-O-O g5 8. Be3 Ng4 9. f3 Nxe3 10. Qxe3 Qa5 11. Nge2 b5 12. Ng3 b4 13. Bb5+ Kd8 14. Nh5 Be5 15. Bc4 bxc3 16. Kb1 Qb4 17. Bb3 c4 18. bxc3 Qa3 19. Bxc4 Bxc3 20. Qc1 Qxc1+ 21. Kxc1 Nd7 22. Rd3 Be5 23. Ra3 Nc5 24. g3 Nd7 25. f4 gxf4 26. gxf4 Bd4 27. Rd1 Bc5 28. Rg3 Nb6 29. Bd3 Bd7 30. Rg7 Be8 31. e5 Kc7 32. Ng3 Be3+ 33. Kb1 Bxf4 34. exd6+ Bxd6 35. Nh5 Na4 36. Kc1 Ba3+ 37. Kd2 Bb4+ 38. Ke3 Bc5+ 39. Ke4 Bd6 40. Ke3 Nc3 41. Rf1 Nxd5+ 42. Kd2 Bb4+ 43. Kd1 Ne3+ 44. Ke2 Nxf1 45. Kxf1 Bd7 46. Nf4 Bd6 47. Nd5+ Kb7 48. Ne3 Bc6 49. Rxf7 Raf8 50. Rxf8 Rxf8+ 51. Ke2 Bxh2 52. Nc4 Bc7 53. Bg6 Bf3+ 54. Ke3 h5 55. Bxh5 Bxh5 56. Nb2 Rf3+ 57. Ke4 Rf2 58. Nd3 Bg6+ 59. Ke3 Rxc2 60. Nb4 Rc3+ 61. Kd4 Rh3 62. a4 Bb6+ 63. Kc4 Rh4+ 64. Kb5 a6+ 65. Nxa6 Bd3# 0-1


[Site "https://www.chess.com"]

[Event "Titled Tuesday Blitz October 31 Early 2023"]
[White "hsd2016"]
[Black "Shishkov, Andrei"]
[BlackFideId "4500563"]
[WhiteElo "2262"]
[BlackElo "2434"]
[Result "0-1"]
[Round "7"]
[TimeControl "180+1"]
[Date "2023.10.31"]
[WhiteClock "0:00:00"]
[BlackClock "0:00:14"]
[Board "119"]

1. Nf3 Nf6 2. g3 b5 3. Bg2 Bb7 4. b3 e6 5. Bb2 Be7 6. d3 O-O 7. Nbd2 c5 8. e4 d6 9. O-O a5 10. a4 b4 11. Re1 Nfd7 12. Nc4 Nc6 13. Qd2 d5 14. exd5 exd5 15. Nce5 d4 16. Nc4 Ra7 17. Re2 Nf6 18. Rae1 Nd5 19. h4 Bf6 20. Nh2 Nc3 21. Bxc3 dxc3 22. Qf4 Nd4 23. Bxb7 Nxe2+ 24. Rxe2 Rxb7 25. Ng4 Bd4 26. Nd6 Re7 27. Rxe7 Qxe7 28. Nf5 Qe1+ 29. Kg2 h5 30. Nxd4 cxd4 31. Ne5 Qe2 32. Qxd4 Qxc2 33. Nd7 Re8 0-1


[Site "https://www.chess.com"]

[Event "Titled Tuesday Blitz October 31 Early 2023"]
[White "parintele_chess"]
[Black "PoXerStar"]
[WhiteElo "2252"]
[BlackElo "2433"]
[Result "0-1"]
[Round "7"]
[TimeControl "180+1"]
[Date "2023.10.31"]
[WhiteClock "0:00:00"]
[BlackClock "0:00:19"]
[Board "120"]

1. d4 Nf6 2. c4 c5 3. d5 b5 4. cxb5 a6 5. bxa6 g6 6. Nc3 Bg7 7. e4 d6 8. Nf3 O-O 9. Be2 Qa5 10. O-O Nxa6 11. Bd2 Rb8 12. b3 Qb4 13. Qc2 Bd7 14. Bxa6 Qb6 15. Bd3 Bg4 16. Ne1 Nd7 17. f3 c4+ 18. Kh1 cxd3 19. Nxd3 Rfc8 20. fxg4 Nf6 21. Nf2 h5 22. Qd3 hxg4 23. Be3 Qa5 24. Bd4 g3 25. hxg3 Nd7 26. Bxg7 Kxg7 27. Qd4+ Ne5 28. Ne2 Rc2 29. Nd3 Rh8+ 30. Kg1 Rxe2 31. Nxe5 dxe5 32. Qxe5+ Kg8 33. Qxe7 Qb6+ 0-1


[Site "https://www.chess.com"]

[Event "Titled Tuesday Blitz October 31 Early 2023"]
[White "Novikova, Galina"]
[Black "Clawitter, Craig"]
[WhiteFideId "4157095"]
[BlackFideId "2023105"]
[WhiteElo "2417"]
[BlackElo "2258"]
[Result "1-0"]
[Round "7"]
[TimeControl "180+1"]
[Date "2023.10.31"]
[WhiteClock "0:00:12"]
[BlackClock "0:00:00"]
[Board "121"]

1. e4 e6 2. Nf3 d5 3. e5 c5 4. b4 cxb4 5. a3 bxa3 6. Nxa3 Nc6 7. c3 Bd7 8. d4 a6 9. Bd3 Rc8 10. O-O Na5 11. Bd2 Bxa3 12. Rxa3 Nc4 13. Bg5 Ne7 14. Ra2 h6 15. Bh4 Bb5 16. Re1 Qd7 17. Bg3 O-O 18. Bb1 Nf5 19. Bf4 Qe7 20. Qc2 Na3 21. Rxa3 Qxa3 22. g4 Rxc3 23. Qd2 Rxf3 24. gxf5 Bd3 25. f6 Bxb1 26. Rxb1 Qd3 27. Rxb7 Qg6+ 28. Bg3 gxf6 29. exf6 Rd3 30. Qe2 Ra3 31. Ra7 Rc8 32. Kg2 Qe4+ 33. Qxe4 dxe4 34. Be5 a5 35. Rb7 a4 36. Rb4 Ra2 37. Rb5 a3 38. d5 exd5 39. Rxd5 Rb2 40. Bxb2 axb2 41. Rb5 Rc2 42. Kg3 Kh7 43. h4 Kg6 44. Kf4 Kxf6 45. Rb6+ Kg7 46. Kxe4 Rxf2 47. h5 Rh2 48. Kf4 Rh4+ 49. Kg3 Rxh5 50. Rxb2 Rg5+ 51. Kf4 f5 52. Rb7+ Kg6 53. Rb6+ Kh5 54. Rf6 Rg4+ 55. Kf3 Rg5 56. Rf8 1-0


[Site "https://www.chess.com"]

[Event "Titled Tuesday Blitz October 31 Early 2023"]
[White "Akylbek2021"]
[Black "Kostiukov, Alexandr"]
[BlackFideId "14108100"]
[WhiteElo "2250"]
[BlackElo "2415"]
[Result "0-1"]
[Round "7"]
[TimeControl "180+1"]
[Date "2023.10.31"]
[WhiteClock "0:00:01"]
[BlackClock "0:00:26"]
[Board "122"]

1. d4 g6 2. e4 Bg7 3. Nc3 d6 4. Bc4 a6 5. a4 Nd7 6. Be3 e5 7. Nge2 exd4 8. Bxd4 Ngf6 9. O-O O-O 10. f4 Qe7 11. Ng3 Nc5 12. e5 Ng4 13. Nd5 Qh4 14. h3 Qxg3 15. hxg4 Bxg4 16. Qe1 Qxe1 17. Raxe1 c6 18. Ne7+ Kh8 19. Bxc5 dxc5 20. f5 Rae8 21. f6 Bh6 22. e6 fxe6 23. Bxe6 Bxe6 24. Rxe6 Bg5 25. Rfe1 Rd8 26. f7 Kg7 27. g3 Rd7 28. c3 Rxf7 29. b4 Rdxe7 30. Rxe7 Rxe7 31. Rxe7+ Bxe7 0-1


[Site "https://www.chess.com"]

[Event "Titled Tuesday Blitz October 31 Early 2023"]
[White "Jimenez Fernandez, Rebeca"]
[Black "crazy_m_attack"]
[WhiteFideId "32070934"]
[WhiteElo "2234"]
[BlackElo "2414"]
[Result "0-1"]
[Round "7"]
[TimeControl "180+1"]
[Date "2023.10.31"]
[WhiteClock "0:00:03"]
[BlackClock "0:00:15"]
[Board "123"]

1. e4 e5 2. d4 exd4 3. Qxd4 Nc6 4. Qe3 Nf6 5. Nc3 Bb4 6. Bd2 O-O 7. O-O-O Re8 8. Bc4 Ne5 9. Bb3 Neg4 10. Qg3 d5 11. exd5 Bxc3 12. Bxc3 Ne4 13. Qf3 Qg5+ 14. Kb1 Ngxf2 15. Nh3 Bxh3 16. gxh3 Nxh1 17. d6 Nxc3+ 18. bxc3 Qf6 19. Qxh1 cxd6 20. Rf1 Qxc3 21. Bxf7+ Kh8 22. Bxe8 Qb4+ 23. Ka1 Rxe8 24. Qf3 h6 25. Qf7 Qc3+ 26. Kb1 Re5 27. Qf8+ Kh7 28. h4 Rb5+ 29. Kc1 Qb2+ 30. Kd1 Rd5+ 31. Ke2 Qxc2+ 32. Ke3 Qd3+ 33. Kf2 Rf5+ 0-1


[Site "https://www.chess.com"]

[Event "Titled Tuesday Blitz October 31 Early 2023"]
[White "Tsyhanchuk, Stanislav"]
[Black "Mirzanurov, Bulat"]
[WhiteFideId "13505130"]
[BlackFideId "4184521"]
[WhiteElo "2413"]
[BlackElo "2209"]
[Result "0-1"]
[Round "7"]
[TimeControl "180+1"]
[Date "2023.10.31"]
[WhiteClock "0:01:11"]
[BlackClock "0:01:32"]
[Board "124"]

1. d4 d5 2. c4 e6 3. Nf3 Nf6 4. g3 dxc4 5. Bg2 a6 6. a4 Nc6 7. O-O Be7 8. Nc3 Rb8 9. e4 b5 10. d5 exd5 11. exd5 Nb4 12. Nd4 Bd7 13. axb5 axb5 14. b3 O-O 15. Ra7 Bc5 16. Ra1 Bxd4 17. Qxd4 Nc2 0-1


[Site "https://www.chess.com"]

[Event "Titled Tuesday Blitz October 31 Early 2023"]
[White "Leve, Nitai"]
[Black "Joshi, Pankaj"]
[WhiteFideId "2006898"]
[BlackFideId "5006210"]
[WhiteElo "2409"]
[BlackElo "2191"]
[Result "0-1"]
[Round "7"]
[TimeControl "180+1"]
[Date "2023.10.31"]
[WhiteClock "0:01:12"]
[BlackClock "0:01:55"]
[Board "125"]

1. e4 e5 2. Nf3 Nc6 3. d4 exd4 4. c3 d5 5. exd5 Qxd5 6. Be2 Nf6 7. cxd4 Bb4+ 8. Nc3 O-O 9. O-O Qd6 10. h3 Rd8 11. Nb5 Qe7 12. Bf4 Nd5 13. Bg3 a6 14. Bh4 f6 15. Nc3 Be6 16. Rc1 Bd6 17. Re1 Qf7 18. Ne4 Bb4 19. Rf1 Nf4 20. Neg5 fxg5 21. Nxg5 Qg6 22. Nxe6 Qxg2# 0-1


[Site "https://www.chess.com"]

[Event "Titled Tuesday Blitz October 31 Early 2023"]
[White "Mishra, Manoj"]
[Black "Begunov, Konstantin"]
[WhiteFideId "5006007"]
[BlackFideId "4118510"]
[WhiteElo "2189"]
[BlackElo "2397"]
[Result "0-1"]
[Round "7"]
[TimeControl "180+1"]
[Date "2023.10.31"]
[WhiteClock "0:00:00"]
[BlackClock "0:00:10"]
[Board "126"]

1. d4 d5 2. c4 c6 3. Nf3 Nf6 4. g3 Bf5 5. Bg2 e6 6. Nc3 Nbd7 7. Bf4 Be7 8. c5 Ne4 9. Ne5 Nxc3 10. bxc3 Nxe5 11. Bxe5 f6 12. Bf4 Qa5 13. Bd2 b6 14. c4 Qa6 15. cxd5 cxd5 16. c6 Rc8 17. Rc1 Qb5 18. Qb3 Qxb3 19. axb3 a5 20. O-O Ba3 21. Ra1 Bb2 22. Ra2 Bxd4 23. b4 axb4 24. Bxb4 Bc5 25. Bxc5 bxc5 26. Ra5 c4 27. e4 Bxe4 28. f3 Bd3 29. Re1 Kf7 30. Ra7+ Kg6 31. Rxe6 Rhe8 32. Rxe8 Rxe8 33. Bh3 c3 34. c7 c2 35. Ra1 Bf5 36. g4 Bc8 37. Kf2 d4 38. Bf1 Re3 39. Rc1 Rc3 40. Kg3 d3 41. Rxc2 dxc2 42. h4 Rxc7 0-1


[Site "https://www.chess.com"]

[Event "Titled Tuesday Blitz October 31 Early 2023"]
[White "Spichkin, Alexander"]
[Black "Tarnowska, Aleksandra"]
[WhiteFideId "4144074"]
[BlackFideId "1180967"]
[WhiteElo "2396"]
[BlackElo "2162"]
[Result "1-0"]
[Round "7"]
[TimeControl "180+1"]
[Date "2023.10.31"]
[WhiteClock "0:01:46"]
[BlackClock "0:00:00"]
[Board "127"]

1. f4 d5 2. Nf3 Nf6 3. e3 c6 4. b3 Bg4 5. Bb2 Nbd7 6. h3 Bxf3 7. Qxf3 Qc7 8. g4 e5 9. g5 e4 10. Qe2 Ng8 11. Nc3 Ne7 12. O-O-O Nf5 13. h4 Ng3 14. Qh2 Nxh1 15. Qxh1 Qa5 16. Kb1 Ba3 17. Ba1 Nb6 18. Ne2 Nc4 19. Bc3 Qb6 20. Nd4 Bb4 21. Bxc4 Bxc3 22. dxc3 dxc4 23. Qxe4+ Kf8 24. Nf5 Qc7 25. Qd4 Rg8 26. Qxc4 Rd8 27. Qc5+ Ke8 28. Nd6+ Rxd6 29. Rxd6 Qe7 30. f5 h6 31. f6 Qe4 32. Rd4 1-0


[Site "https://www.chess.com"]

[Event "Titled Tuesday Blitz October 31 Early 2023"]
[White "Souza, Gustavo Horokoski De"]
[Black "Kukreja Sankalp"]
[WhiteFideId "2146584"]
[BlackFideId "45027676"]
[WhiteElo "2146"]
[BlackElo "2391"]
[Result "0-1"]
[Round "7"]
[TimeControl "180+1"]
[Date "2023.10.31"]
[WhiteClock "0:00:03"]
[BlackClock "0:00:43"]
[Board "128"]

1. c4 e5 2. Nc3 Nf6 3. Nf3 Nc6 4. e4 Bb4 5. Nd5 Nxe4 6. Nxb4 Nxb4 7. a3 Nc6 8. Be2 d6 9. O-O O-O 10. d4 exd4 11. Nxd4 Nxd4 12. Qxd4 Nc5 13. Qc3 Re8 14. Be3 Bf5 15. Rfe1 Ne4 16. Qd4 Qf6 17. Bf3 Qg6 18. b4 Rad8 19. Rad1 Ng5 20. Bxg5 Qxg5 21. Bxb7 Bg4 22. f3 Bh3 23. f4 Qh4 24. Rxe8+ Rxe8 25. Qf2 Qxf2+ 26. Kxf2 Be6 27. Re1 Rb8 28. Bd5 Bxd5 29. cxd5 Kf8 30. Re3 Rb5 31. Rd3 a5 32. bxa5 Rxa5 33. Ke3 Ra4 34. Rc3 g6 35. Rxc7 Rxa3+ 36. Ke4 Ra4+ 37. Ke3 Kg7 38. Rc6 Ra3+ 39. Ke4 Ra4+ 40. Ke3 Ra3+ 41. Ke4 Ra2 42. Kf3 Rd2 43. Rxd6 Kf8 44. Rd8+ Ke7 45. Rh8 h5 46. Rh7 Rxd5 47. h3 Rd3+ 48. Kf2 Kf6 49. Rh8 Kf5 50. g3 f6 51. Ra8 h4 52. Ra5+ Ke4 53. Ra4+ Rd4 54. Rxd4+ Kxd4 55. gxh4 Ke4 56. Kg3 f5 57. h5 gxh5 58. Kh4 Kxf4 59. Kxh5 Kg3 60. h4 f4 61. Kg5 f3 62. h5 f2 63. h6 f1=Q 64. Kg6 Qf8 65. Kh7 Kg4 66. Kg6 Qh8 0-1


[Site "https://www.chess.com"]

[Event "Titled Tuesday Blitz October 31 Early 2023"]
[White "Hoffmann, Asa"]
[Black "Guevara Sanchez, Erick Marvin"]
[WhiteFideId "2001470"]
[BlackFideId "6700136"]
[WhiteElo "2390"]
[BlackElo "2138"]
[Result "1-0"]
[Round "7"]
[TimeControl "180+1"]
[Date "2023.10.31"]
[WhiteClock "0:01:04"]
[BlackClock "0:00:27"]
[Board "129"]

1. d4 Nf6 2. Bg5 Ne4 3. Bf4 d5 4. f3 Nf6 5. e4 dxe4 6. Nc3 e6 7. fxe4 Bb4 8. e5 Nd5 9. Bd2 Qh4+ 10. g3 Qxd4 11. Nf3 Qc5 12. Ne4 Qe3+ 13. Qe2 Bxd2+ 14. Nfxd2 Nc6 15. Nc4 Qd4 16. Rd1 Qxd1+ 17. Qxd1 b5 18. Ncd2 Nd4 19. Bg2 Ne3 20. Qc1 Nexc2+ 21. Kf2 Nb4 22. Qc3 Nbc6 23. Nf6+ gxf6 24. Bxc6+ Nxc6 25. Qxc6+ Ke7 26. Qxa8 1-0


[Site "https://www.chess.com"]

[Event "Titled Tuesday Blitz October 31 Early 2023"]
[White "Phillips, Rene"]
[Black "Marcziter, Dmitrii"]
[WhiteFideId "2056275"]
[BlackFideId "13900765"]
[WhiteElo "2031"]
[BlackElo "2375"]
[Result "0-1"]
[Round "7"]
[TimeControl "180+1"]
[Date "2023.10.31"]
[WhiteClock "0:00:00"]
[BlackClock "0:00:26"]
[Board "130"]

1. d4 Nf6 2. Bf4 d5 3. e3 c5 4. c3 Nc6 5. Nd2 Qb6 6. Qb3 c4 7. Qc2 Nh5 8. Bg5 h6 9. Bh4 g5 10. Be2 Nf6 11. Bg3 Bg7 12. Ngf3 Bg4 13. h3 Bh5 14. b3 Bg6 15. Qc1 cxb3 16. axb3 O-O 17. O-O Rac8 18. Qa3 a6 19. c4 e6 20. Ne5 Nxe5 21. Bxe5 Rfd8 22. c5 Qc6 23. b4 Ne4 24. Nf3 f6 25. Bh2 Re8 26. Qa5 Nc3 27. Rfe1 Nxe2+ 28. Rxe2 Bd3 29. Ree1 Bb5 30. Bd6 Qd7 31. Rac1 Qf7 32. Qa2 h5 33. Nd2 g4 34. h4 e5 35. Qc2 f5 36. dxe5 Bxe5 37. Bxe5 Rxe5 38. Qc3 Rce8 39. Nb3 g3 40. fxg3 Qg6 41. Kf2 Re4 42. Nd4 Rg4 43. Ne2 Bxe2 44. Rxe2 Rxg3 45. Ke1 Rxg2 46. Rxg2 Qxg2 47. Rc2 Qg1+ 48. Kd2 Qf2+ 49. Kc1 Qxe3+ 50. Qxe3 Rxe3 51. Rg2+ Kf7 52. Rg5 Kf6 53. Rxh5 Rb3 54. Rh6+ Ke5 55. Rh7 Rxb4 56. h5 a5 57. h6 a4 58. Rh8 Rh4 59. h7 Kd4 60. Ra8 Rxh7 61. Rxa4+ Kxc5 62. Rf4 Rf7 63. Kc2 b5 64. Kc3 Rf6 65. Kb3 d4 0-1


[Site "https://www.chess.com"]

[Event "Titled Tuesday Blitz October 31 Early 2023"]
[White "Levine, David"]
[Black "Ovezdurdyyeva, Jemal"]
[WhiteFideId "2011611"]
[BlackFideId "14001888"]
[WhiteElo "2080"]
[BlackElo "2354"]
[Result "0-1"]
[Round "7"]
[TimeControl "180+1"]
[Date "2023.10.31"]
[WhiteClock "0:00:00"]
[BlackClock "0:00:42"]
[Board "131"]

1. d4 d6 2. Nf3 Nf6 3. c4 b6 4. g3 e6 5. Bg2 Bb7 6. O-O Be7 7. Nc3 O-O 8. Re1 c5 9. d5 exd5 10. Nxd5 Nxd5 11. cxd5 Nd7 12. e4 Bf6 13. Rb1 c4 14. Bf4 Nc5 15. e5 dxe5 16. Nxe5 Bxe5 17. Bxe5 f6 18. Bc3 Qd6 19. Qg4 Bxd5 20. Bxd5+ Qxd5 21. Re7 Rf7 22. Bxf6 Rxe7 23. Bxe7 Re8 24. Bxc5 Qxc5 25. Rc1 b5 26. a4 a6 27. axb5 axb5 28. Qd7 Rf8 29. Rc2 h6 30. Kg2 Rf7 31. Qe8+ Rf8 32. Qe6+ Kh8 33. h4 Qd4 34. h5 Qd3 35. Re2 Qf3+ 36. Kg1 Qxh5 37. Re5 Qd1+ 38. Kg2 Qf3+ 39. Kh3 Qxf2 40. Rxb5 Qf1+ 41. Kg4 c3 42. Rb3 c2 0-1


[Site "https://www.chess.com"]

[Event "Titled Tuesday Blitz October 31 Early 2023"]
[White "Zaksaite, Salomeja"]
[Black "ssgm49"]
[WhiteFideId "12801496"]
[WhiteElo "2349"]
[BlackElo "1895"]
[Result "0-1"]
[Round "7"]
[TimeControl "180+1"]
[Date "2023.10.31"]
[WhiteClock "0:00:32"]
[BlackClock "0:00:14"]
[Board "132"]

1. d4 Nf6 2. Nc3 d5 3. Bf4 a6 4. Nf3 e6 5. Ne5 Nbd7 6. e3 c5 7. Be2 cxd4 8. exd4 Nxe5 9. dxe5 Nd7 10. O-O Qc7 11. Re1 Bc5 12. Qd2 O-O 13. Bd3 Re8 14. Nxd5 exd5 15. e6 Qb6 16. exd7 Bxd7 17. c3 Qf6 18. Bc2 Bc6 19. Qd3 Bxf2+ 20. Kh1 Rxe1+ 21. Rxe1 Bxe1 22. Qxh7+ Kf8 23. Be3 Qf1+ 24. Bg1 Bf2 0-1


[Site "https://www.chess.com"]